Map: Abyssal Reef LE

Players

GuMiho

  • Race: Terran Terran
  • Spawn Location: 11:00

TYTY (TY) - Winner!

  • Race: Terran Terran
  • Spawn Location: 5:00

Event: IEM XI Katowice - World Championship 2017

VOD

Have the link to the VOD?

Description

Time

  • Played on: March 4, 2017, 12:47 p.m.
  • Length: 16:16

All games in this series

Show
View Real Time Build Order
Export as new Build Order

GuMiho Terran 

Build Orders: Liberator Opening, MMM Bio 

Get SALT Encoding   

  12  0:00  SCV  
  13  0:12  SCV  
  14  0:17  Supply Depot  
  14  0:24  SCV  
  15  0:40  Barracks  
  15  0:43  Refinery  
  15  0:48  SCV  
  16  1:01  Barracks  
  16  1:05  SCV  
  17  1:18  SCV  
  18  1:19  Refinery  
  18  1:26  Reaper  
  19  1:35  Orbital Command  
  19  1:48  Reaper  
  19  1:50  Supply Depot  
  20  1:58  Reaper  
  22  2:01  SCV  
  22  2:13  SCV  
  23  2:20  Reaper  
  23  2:22  Factory  
  24  2:25  SCV  
  25  2:37  SCV  
  25  2:39  Reaper  
  27  2:49  SCV  
  28  3:01  SCV  
  28  3:02  Supply Depot  
  29  3:08  Starport  
  29  3:10  Cyclone  
  31  3:24  SCV  
  31  3:35  Liberator  
  31  3:36  SCV  
  32  3:42  Cyclone  
  32  3:48  SCV, Command Center  
  38  4:05  SCV  
  38  4:07  Barracks  
  37  4:22  Supply Depot  
  37  4:28  Cyclone  
  39  4:35  SCV  
  39  4:38  Starport Tech Lab  
  38  4:47  SCV  
  39  4:59  SCV  
  40  5:01  Orbital Command  
  40  5:03  Marine  
  40  5:04  Factory Tech Lab, Starport Reactor, Stimpack  
  40  5:06  Barracks Reactor  
  41  5:07  Marine  
  41  5:11  SCV  
  43  5:21  Marine  
  43  5:23  Orbital Command  
  43  5:24  Siege Tank  
  43  5:25  Marine, SCV  
  49  5:39  Marine  
  49  5:40  SCV  
  51  5:43  Marine  
  51  5:44  Marine x2  
  51  5:46  Medivac  
  56  5:52  Refinery, SCV  
  56  5:54  SCV  
  56  5:56  Marine  
  59  6:02  Marine x2  
  59  6:04  SCV  
  59  6:05  Medivac  
  59  6:07  Refinery  
  59  6:11  Supply Depot  
  62  6:17  Marine  
  62  6:18  SCV  
  64  6:19  Barracks Reactor  
  64  6:22  SCV  
  64  6:26  Engineering Bay  
  64  6:28  Supply Depot  
  64  6:30  SCV  
  65  6:34  SCV  
  65  6:35  Supply Depot  
  65  6:39  Siege Tank  
  69  6:42  SCV  
  69  6:46  SCV  
  72  6:54  SCV  
  72  6:57  Command Center  
  72  6:59  SCV  
  73  7:02  Terran Infantry Weapons Level 1  
  73  7:04  Marine  
  73  7:06  Combat Shields, SCV  
  75  7:09  Marine  
  75  7:12  Marine  
  75  7:13  Marine  
  75  7:14  Marine  
  79  7:21  Siege Tank  
  82  7:25  Medivac  
  82  7:29  SCV x2, Medivac  
  87  7:37  Supply Depot  
  87  7:39  Marine x2  
  87  7:41  SCV  
  87  7:42  Marine, SCV  
  87  7:43  Marine  
  93  7:45  Marine  
  94  7:59  Supply Depot x2, Siege Tank  
  94  8:00  SCV x2  
  99  8:06  Barracks  
  99  8:08  Marine x2, Barracks  
  101  8:13  SCV  
  102  8:20  Marine x3, SCV  
  102  8:22  Supply Depot x2  
  102  8:26  SCV  
  108  8:28  Orbital Command  
  108  8:32  SCV  
  108  8:33  Marine x2  
  110  8:37  Marine x2  
  111  8:43  Marine  
  111  8:45  Medivac x2  
  116  8:50  SCV x2  
  116  8:51  Marine x2  
  116  8:54  Barracks Reactor x2  
  120  8:59  Marine x2  
  120  9:00  Marine  
  123  9:06  Siege Tank  
  123  9:08  SCV  
  128  9:12  Marine x2  
  128  9:16  Marine x2  
  132  9:20  Armory  
  130  9:25  SCV x2, Medivac x2  
  130  9:29  Terran Infantry Armor Level 1  
  130  9:30  Marine  
  137  9:33  Engineering Bay, SCV  
  137  9:34  Marine  
  137  9:36  Marine x3  
  137  9:38  Marine  
  143  9:40  Marine x2  
  143  9:42  Marine  
  145  9:48  Marine  
  145  9:52  Marine  
  139  9:54  Marine x3  
  139  9:55  Siege Tank  
  139  9:56  Marine  
  139  9:57  Marine  
  139  9:58  Marine  
  136  10:07  Marine x2  
  136  10:10  Marine  
  136  10:12  Marine x3  
  136  10:14  Marine  
  141  10:15  Marine  
  141  10:16  Marine  
  128  10:25  Marine x2  
  128  10:28  Marine  
  129  10:29  Marine  
  129  10:30  Marine x2  
  129  10:31  Marine  
  129  10:32  Medivac x2  
  129  10:33  Terran Infantry Weapons Level 2, Marine  
  129  10:34  Marine  
  129  10:35  SCV x2  
  134  10:37  SCV  
  134  10:42  Marine  
  134  10:43  Marine  
  134  10:45  Marine  
  134  10:47  Marine  
  134  10:48  Marine  
  134  10:49  Siege Tank  
  142  10:51  SCV  
  142  10:53  SCV  
  144  11:02  Medivac x2  
  149  11:04  Marine  
  149  11:05  Factory  
  149  11:06  Supply Depot  
  149  11:07  Supply Depot  
  149  11:10  Supply Depot  
  148  11:12  Supply Depot  
  148  11:19  Marine x8  
  148  11:22  Marine  
  148  11:23  Siege Tank  
  148  11:24  Orbital Command  
  155  11:32  Medivac x2  
  159  11:35  SCV x2  
  159  11:36  Terran Infantry Armor Level 2  
  159  11:37  Marine x3  
  159  11:38  Refinery  
  159  11:39  Refinery  
  164  11:41  Marine x2  
  164  11:42  Marine x4  
  170  11:47  SCV  
  171  11:54  Marine  
  171  11:55  Marine x2  
  171  11:59  Marine x2  
  171  12:00  Marine x3  
  171  12:01  Marine, Siege Tank  
  182  12:02  Factory Tech Lab  
  183  12:09  Terran Vehicle Weapons Level 1  
  183  12:12  Marine x2  
  183  12:13  Marine  
  186  12:16  Sensor Tower  
  186  12:17  Marine x2  
  186  12:18  Marine  
  189  12:25  Supply Depot  
  189  12:47  Marine x9  
  188  12:56  Siege Tank x2  
  194  12:58  Medivac  
  194  13:03  Supply Depot  
  194  13:04  Marine  
  197  13:09  Marine, Barracks, Medivac  
  197  13:10  Barracks  
  197  13:11  Command Center, Barracks  
  200  13:27  Marine x2  
  200  13:28  Marine x2  
  200  13:29  Marine x2  
  183  13:37  Marine x3  
  178  13:45  Marine x3  
  178  13:46  Marine  
  180  13:49  Siege Tank x2  
  178  13:58  Marine  
  178  14:00  Marine x2  
  159  14:02  Marine  
  159  14:03  Marine x3  
  159  14:09  Marine x3  
  166  14:10  Marine x2  
  166  14:16  Marine  
  149  14:18  Marine x2  
  149  14:20  Marine x2  
  149  14:21  Marine x2  
  147  14:27  Marine  
  147  14:28  Marine  
  151  14:33  Medivac x2  
  151  14:34  Marine  
  151  14:36  Marine x2  
  151  14:38  Marine x2  
  149  14:39  Marine x2  
  149  14:42  Siege Tank  
  149  14:44  Marine, Barracks Reactor x3  
  154  14:46  Marine  
  154  14:48  Planetary Fortress  
  154  14:52  Marine  
  156  14:53  Marine, Refinery  
  156  14:54  Marine  
  156  14:56  Marine x2  
  156  14:57  Marine x2  
  161  15:02  Marine  
  161  15:03  Medivac  
  161  15:04  Marine  
  164  15:09  Marine  
  164  15:11  Marine x2  
  164  15:14  Marine x3  
  157  15:15  Marine  
  157  15:20  Marine  
  157  15:21  SCV x3  
  165  15:22  Marine  
  165  15:23  Marine x3  
  165  15:27  Marine  
  165  15:28  Marine x2  
  170  15:29  Marine x3  
  170  15:32  Marine x4  
  170  15:33  SCV  
  180  15:38  Marine  
  180  15:39  Marine  
  180  15:41  Marine x3  
  184  15:45  Marine  
  184  15:46  Marine x2  
  184  15:47  Marine x3  
Show
View Real Time Build Order
Export as new Build Order

TYTY Terran - Winner!

Build Orders: 1/1/1, Cyclone Opening, Bio Tank 

Get SALT Encoding   

  12  0:00  SCV  
  13  0:12  SCV  
  14  0:17  Supply Depot  
  14  0:24  SCV  
  14  0:28  Refinery  
  15  0:38  SCV  
  16  0:44  Barracks  
  16  0:50  SCV  
  16  0:56  Refinery  
  17  1:03  SCV  
  18  1:15  SCV  
  19  1:31  Orbital Command  
  19  1:33  Factory  
  19  1:35  Reaper  
  20  1:46  Supply Depot  
  20  1:58  SCV  
  21  2:07  Reaper  
  22  2:10  SCV  
  23  2:17  Starport  
  23  2:22  SCV  
  26  2:24  Cyclone  
  27  2:39  Reaper  
  26  2:56  Supply Depot, Hellion  
  26  2:58  Viking  
  29  2:59  SCV  
  30  3:11  SCV  
  31  3:20  Cyclone  
  34  3:30  Viking  
  34  3:32  SCV  
  37  3:44  SCV  
  37  3:47  Barracks Reactor  
  37  3:56  Supply Depot, SCV  
  36  4:12  SCV  
  36  4:14  Cyclone  
  38  4:18  Starport Tech Lab, Command Center  
  38  4:24  SCV  
  38  4:30  Supply Depot  
  39  4:36  SCV  
  37  4:45  Marine x2  
  37  4:48  SCV  
  40  4:54  Siege Tank  
  40  4:58  Starport Tech Lab  
  43  5:00  SCV  
  44  5:17  Command Center  
  41  5:36  Orbital Command  
  41  5:41  Marine  
  41  5:42  Marine  
  43  5:45  Raven  
  43  5:47  SCV  
  46  5:59  SCV  
  46  6:01  SCV  
  48  6:06  Marine x2  
  50  6:11  SCV  
  50  6:13  Siege Tank, SCV  
  50  6:14  Refinery  
  55  6:24  SCV  
  56  6:26  SCV  
  56  6:27  Marine x2  
  56  6:28  Refinery  
  56  6:31  Orbital Command  
  59  6:36  SCV  
  59  6:38  SCV  
  61  6:48  SCV  
  61  6:50  SCV  
  61  6:51  Viking x2  
  67  6:58  Stimpack, SCV  
  67  7:00  Marine, SCV  
  70  7:04  SCV  
  70  7:06  Siege Tank  
  74  7:10  SCV  
  74  7:12  SCV  
  76  7:16  SCV  
  76  7:21  Viking  
  79  7:23  Supply Depot  
  79  7:24  Supply Depot  
  79  7:37  Engineering Bay x2  
  79  7:45  Marine, Siege Tank, SCV x2  
  79  7:46  Viking  
  79  7:51  SCV  
  88  7:57  Barracks  
  88  7:59  Barracks  
  88  8:01  SCV  
  88  8:04  Terran Infantry Armor Level 1, Terran Infantry Weapons Level 1  
  89  8:06  Supply Depot  
  89  8:07  Marine  
  89  8:08  SCV  
  89  8:12  Viking  
  93  8:20  Orbital Command  
  93  8:25  Sensor Tower  
  93  8:27  Viking, SCV x2  
  93  8:33  Marine  
  97  8:37  Siege Tank  
  97  8:39  SCV x2  
  101  8:53  Supply Depot, Barracks Reactor x2  
  101  8:54  Supply Depot x2  
  101  8:55  Barracks x2  
  101  9:00  Supply Depot  
  101  9:01  Supply Depot  
  101  9:08  Marine  
  101  9:14  SCV x3, Medivac x2  
  108  9:18  Refinery  
  108  9:19  Refinery  
  108  9:20  Armory  
  108  9:21  Supply Depot  
  108  9:22  Supply Depot  
  108  9:26  SCV x3  
  108  9:28  Marine  
  108  9:29  Sensor Tower  
  112  9:36  Siege Tank  
  112  9:37  Marine  
  116  9:38  SCV x2  
  116  9:39  SCV  
  119  9:46  Marine  
  120  9:55  Marine x2  
  120  9:57  Barracks Reactor  
  120  9:58  Barracks Reactor  
  121  10:00  Orbital Command  
  121  10:04  Marine  
  116  10:13  Marine x4  
  119  10:17  Siege Tank  
  119  10:19  SCV x2  
  110  10:22  Marine  
  111  10:28  Terran Infantry Weapons Level 2  
  111  10:30  SCV  
  111  10:31  Marine x4, SCV x2  
  113  10:37  Refinery  
  113  10:39  Command Center  
  113  10:42  SCV  
  114  10:43  SCV  
  114  10:45  SCV  
  114  10:48  Terran Infantry Armor Level 2  
  118  10:50  Missile Turret  
  118  10:54  Siege Tank, SCV  
  118  10:55  SCV  
  118  10:56  Combat Shields  
  123  10:57  Supply Depot  
  123  11:00  Supply Depot x2  
  123  11:01  Liberator  
  123  11:02  Supply Depot  
  120  11:04  Liberator  
  120  11:18  SCV x2  
  120  11:20  Supply Depot  
  120  11:21  SCV  
  120  11:22  Supply Depot  
  120  11:25  Marine x2  
  130  11:30  SCV x2  
  130  11:32  Siege Tank  
  135  11:33  SCV  
  135  11:35  Marine x3  
  135  11:36  Supply Depot  
  135  11:37  Marine x3, Missile Turret  
  142  11:47  Marine  
  142  11:48  Marine x2  
  142  11:53  Marine  
  146  11:54  Missile Turret  
  146  11:59  Marine x5  
  146  12:00  Terran Vehicle Weapons Level 1  
  151  12:01  Viking  
  151  12:04  Viking  
  151  12:05  Marine  
  156  12:10  Marine x2  
  156  12:11  Marine  
  159  12:16  Siege Tank  
  159  12:19  Factory  
  162  12:24  Marine x2  
  162  12:25  Marine x4, SCV x2  
  162  12:27  Marine  
  162  12:29  Planetary Fortress  
  170  12:31  Sensor Tower  
  168  12:37  Medivac  
  168  12:38  Medivac  
  168  12:39  Marine x2  
  168  12:42  Marine x3  
  173  12:47  SCV x2  
  171  12:54  Siege Tank  
  171  12:55  SCV  
  171  12:57  Marine x6  
  181  12:59  SCV  
  181  13:03  Factory Tech Lab  
  185  13:11  Refinery  
  187  13:12  Refinery  
  187  13:14  Viking  
  184  13:23  Viking  
  179  13:34  Siege Tank  
  179  13:37  SCV x2  
  179  13:42  Siege Tank  
  179  13:44  Medivac  
  179  13:46  Marine x4  
  182  13:56  Marine x2  
  182  13:57  Marine, Medivac  
  180  14:11  Supply Depot  
  180  14:13  Supply Depot  
  172  14:24  Supply Depot  
  172  14:25  Supply Depot x2  
  172  14:26  Liberator x2  
  172  14:33  Marine x2, Siege Tank  
  172  14:35  Siege Tank  
  172  14:37  Command Center  
  173  14:41  Marine x4  
  173  14:42  Orbital Command  
  173  14:45  Marine  
  180  14:48  SCV  
  180  14:50  Sensor Tower  
  178  15:09  Liberator  
  178  15:14  Supply Depot, Siege Tank  
  178  15:15  SCV  
  178  15:17  Refinery  
  179  15:22  Marine x3  
  179  15:23  Marine x2  
  179  15:26  Medivac  
  189  15:30  SCV x2  
  194  15:42  Siege Tank  
  193  15:50  Marine  
  185  15:57  Marine  
  185  15:58  Marine x5  

Tags
 
Add a new tag
Caveats
  • Supply blocks, unpowered buildings, or Contaminate may cause inaccurate times.
  • Supply counts are checked every 10 seconds.